cohdb
Replays
Latest Replays
All Replays
Popular Replays
Top Player Replays
Match Explorer
How It Works
Community
CoH3 Stats
Reddit
Sign in to upload your games and track your stats! →
Sign in with Steam
Match 43718815
Unlisted
Match 43718815
Overview
Messages
Build Orders
End
Construct Infanterie Kompanie
Selects Breakthrough Battlegroup
Selects Assault Grenadiers
Grenadier Squad
MG 42 Machine Gun Team
Grenadier Squad
GrW 34 Mortar Team
Medical Station
Selects Smoke Bombing Run
Construct Luftwaffe Kompanie
Infanterie Officer Quarters
Jäger Squad
Support Elements
Wirbelwind Flakpanzer
Jäger Squad
Smoke Bombing Run
Selects Incendiary Bombing Run
Selects Mechanized Assault Group
Wirbelwind Flakpanzer
MG 42 Machine Gun Team
MG 42 Machine Gun Team
Mechanized Assault Group
Construct Panzer Kompanie
Selects Rapid Production
Selects Blitzkrieg
阴沟奔行鼠
DoubleThinker
XuZhongwei
+qFierro
0
0
Comments
sign in to comment!
No comments posted yet!